 Dungeon Crawl Stone Soup version 0.31-a0-185-g9dded2c639 (webtiles) character file.

Game seed: 5827957620461829629

96 qw the Shooter (level 4, -3/25 HPs)
             Began as a Deep Elf Hunter on June 22, 2023.
             Slain by Duvessa
             ... wielding a +0 short sword
              (4 damage)
             ... on level 3 of the Dungeon.
             The game lasted 00:00:57 (2151 turns).

qw the Shooter (Deep Elf Hunter)                    Turns: 2151, Time: 00:00:57

Health: -3/25      AC:  8    Str: 10    XL:     4   Next: 41%
Magic:  6/6        EV: 11    Int: 14    God:
Gold:   145        SH:  0    Dex: 18    Spells: 3/3 levels left

rFire   . . .        Y - +0 shortbow
rCold   . . .        (shield currently unavailable)
rNeg    . . .        k - +0 ring mail
rPois   .            b - +1 helmet
rElec   .            i - +0 cloak
rCorr   .            (no gloves)
SInv    .            (no boots)
Will    +....        c - amulet of the acrobat
Stlth   +            g - ring of willpower
HPRegen 0.24/turn    (no ring)
MPRegen 0.10/turn

%: acrobat
@: no status effects
A: no striking features
a: no special abilities


You were on level 3 of the Dungeon.
You visited 1 branch of the dungeon, and saw 4 of its levels.

You collected 145 gold pieces.


   Skills:
 - Level 1.5 Fighting
 + Level 7.8 Ranged Weapons
 - Level 2.4 Dodging
 - Level 1.2 Stealth


You had 3 spell levels left.
You didn't know any spells.
Your spell library was empty.

Inventory:

Hand Weapons
 Y - a +0 shortbow (weapon)
Armour
 b - a +1 helmet (worn)
 i - a +0 cloak (worn)
 k - a +0 ring mail (worn)
Jewellery
 c - an amulet of the acrobat (around neck)
 g - a ring of willpower (left hand)
Potions
 d - a potion of curing
 e - a potion of berserk rage {unknown}
 l - a potion of resistance {unknown}

Dungeon Overview and Level Annotations

Branches:
Dungeon (4/15)
 Temple: D:4-7

Altars:
Makhleb

Shops:
D:1 =

Annotations:
D:3 Dowan, Duvessa


Message History

Duvessa is moderately wounded.
Duvessa hits you with a +0 short sword. x2
You shoot an arrow. The arrow hits Duvessa.
Duvessa is moderately wounded.
Duvessa hits you but does no damage.
You shoot an arrow. The arrow barely misses Duvessa.
Duvessa hits you with a +0 short sword.
You shoot an arrow.
The arrow hits Duvessa but does no damage.
Duvessa is moderately wounded.
Duvessa closely misses you.
Dowan hits you with a +4 dagger of protection.
Duvessa hits you with a +0 short sword.
2146 ||| DRINKING potion of heal wounds.
You feel much better.
Dowan hits you with a +4 dagger of protection.
Duvessa barely misses you.
You shoot an arrow.
The arrow hits Duvessa but does no damage.
Duvessa is moderately wounded.
Duvessa says, "Where magic fails, the sword succeeds!"
Duvessa hits you with a +0 short sword!
Dowan hits you with a +4 dagger of protection.
Duvessa hits you with a +0 short sword. Dowan barely misses you.
You shoot an arrow.
The arrow hits Duvessa but does no damage.
Duvessa is moderately wounded.
Duvessa hits you with a +0 short sword.
Dowan casts a spell.
Dowan blinks!
Duvessa hits you but does no damage.
You shoot an arrow.
The arrow hits Duvessa but does no damage.
Duvessa is moderately wounded.
Duvessa hits you with a +0 short sword.
You shoot an arrow. The arrow hits Duvessa.
Duvessa is moderately wounded.
Duvessa hits you but does no damage. Duvessa closely misses you.
You shoot an arrow. The arrow closely misses Duvessa.
Duvessa hits you but does no damage. Duvessa hits you with a +0 short sword.
You die...

.......%......## #..#
....##.##.....#####..#######
######.##.#.#......).......#
#.##....######..#####.#
######.##.#....#...........#
#....%...........##..####..#
#......##.#..###.##..# #..#
#..######....# #ee...# #..# #..#
###..###@###.# #..# #..# ##.....#
#.####..######
#..#########.#.#.###...).........
#..................))####..######
#.########....(......# #..# # #.#
#.#####.##### #..###### #.#
#####.##2##.# #..##...)
#.####....###############.%##.###
#.........# #_# #..........##.# #


You could see Duvessa (fast) and Dowan.

Vanquished Creatures
  An adder (D:3)
  A worm (D:3)
  6 orcs (D:3)
  5 endoplasms
  6 giant cockroaches
  8 goblins
  6 hobgoblins
  7 jackals (D:1)
  A quokka (D:3)
  5 ball pythons
  8 bats
  7 frilled lizards
  4 kobolds
  5 rats
70 creatures vanquished.

Notes
Turn   | Place    | Note
-------+----------+-------------------------------------------
     0 | D:1      | qw the Deep Elf Hunter began the quest for the Orb.
     0 | D:1      | Reached XP level 1. HP: 12/12 MP: 3/3
     0 | D:1      | 0 ||| qw: Version: 0.3-a-9-g12657ce
     0 | D:1      | 0 ||| qw: Game counter: 1902
     0 | D:1      | 0 ||| qw: Always use a shield: true
     0 | D:1      | 0 ||| qw: God list: Okawaru
     0 | D:1      | 0 ||| qw: Allow faded altars: false
     0 | D:1      | 0 ||| qw: Do Orc after D:15 true
     0 | D:1      | 0 ||| qw: Do second Lair branch before Depths: true
     0 | D:1      | 0 ||| qw: Lair rune preference: random
     0 | D:1      | 0 ||| qw: Plans: Normal
     0 | D:1      | 0 ||| PLANNING D:1-11
    91 | D:1      | HP: 2/12 [jackal (2)]
    93 | D:1      | Reached XP level 2. HP: 2/16 MP: 4/4
    96 | D:1      | Reached skill level 6 in Ranged Weapons
    97 | D:1      | HP: 1/16 [frilled lizard (2)]
   278 | D:1      | Found Usiop's One-of-a-Kind Rings.
   287 | D:1      | 287 ||| SHOPLISTING +2 ring of evasion (66 gold, have 14).
   287 | D:1      | 287 ||| SHOPLISTING +3 ring of dexterity (110 gold, have
                  | 14).
   287 | D:1      | 287 ||| SHOPLISTING +3 ring of protection (231 gold, have
                  | 14).
   287 | D:1      | 287 ||| SHOPLISTING +5 ring of protection (605 gold, have
                  | 14).
   287 | D:1      | 287 ||| SHOPLISTING +8 ring of slaying (2200 gold, have
                  | 14).
   287 | D:1      | 287 ||| SHOPLISTING ring "Ocuucrerph" {rPois rC- Will+++
                  | rCorr EV+5} (811 gold, have 14).
   287 | D:1      | 287 ||| SHOPLISTING ring "Qanor" {rPois rF+ rC+ rN+} (497
                  | gold, have 14).
   412 | D:1      | Reached XP level 3. HP: 20/20 MP: 5/5
   735 | D:1      | 735 ||| UPGRADING to +0 cloak.
   740 | D:1      | 740 ||| UPGRADING to +0 ring mail.
   750 | D:1      | 750 ||| DROPPING +0 leather armour.
   751 | D:1      | 751 ||| UPGRADING to ring of willpower.
   752 | D:1      | 752 ||| DROPPING +6 ring of intelligence.
   753 | D:1      | 753 ||| READING scroll labelled NENTOSTR MUXU.
   754 | D:1      | 754 ||| READING scroll labelled DEUQIU KUGO.
   759 | D:1      | 759 ||| READING scroll labelled SECAFFIWOE.
   760 | D:1      | 760 ||| DROPPING scroll of butterflies.
  1081 | D:2      | Reached skill level 7 in Ranged Weapons
  1326 | D:2      | 1326 ||| UPGRADING to +1 helmet.
  1331 | D:2      | 1331 ||| DRINKING 2 orange potions.
  1332 | D:2      | 1332 ||| DRINKING 2 sedimented purple potions.
  1651 | D:3      | Reached XP level 4. HP: 25/25 MP: 6/6
  1993 | D:3      | Found a burning altar of Makhleb.
  1993 | D:3      | Noticed a balrug
  2032 | D:3      | 2032 ||| UPGRADING to amulet of the acrobat.
  2037 | D:3      | 2037 ||| READING scroll labelled ZITAUF CUSEHUE.
  2038 | D:3      | 2038 ||| READING scroll labelled ILASSUM ZAYCK.
  2039 | D:3      | 2039 ||| DRINKING 2 dark potions.
  2074 | D:3      | 2074 ||| DROPPING potion of lignification.
  2092 | D:4      | Noticed Dowan
  2094 | D:4      | Noticed Duvessa
  2098 | D:4      | 2098 ||| STAIRDANCE
  2135 | D:4      | 2135 ||| STAIRDANCE
  2145 | D:3      | HP: 4/25 [Duvessa/+0 short sword (3)]
  2146 | D:3      | 2146 ||| DRINKING potion of heal wounds.
  2149 | D:3      | HP: 1/25 [Duvessa/+0 short sword (2)]
  2151 | D:3      | Slain by Duvessa

Levels and vault maps discovered:
D:1:      dpeg_arrival_yet_another_circle, layout_basic,
          nicolae_shop_unique_rings
D:2:      layout_basic
D:3:      layout_loops_ring, makhleb_altar_promises_db
D:4:      due_chaos_kobolds, layout_loops_cross, vehumet_altar_wand_db,
          nicolae_qazlal_eye_of_the_storm, uniq_duvessa, uniq_blork_the_orc

Skill      XL: |  1  2  3 |
---------------+----------+-----
Ranged Weapons | 6 7 |  7.8
Fighting       | |  1.5
Dodging        | |  2.4
Stealth        | |  1.2

Action                     |  1- 3 |  4- 6 || total
---------------------------+-------+-------++-------
   Fire: Shortbow          |   143 |    56 ||   199
    Use: Scroll            |     3 |     2 ||     5
         Potion            |     2 |     2 ||     4
 Armour: Leather armour    |     7 |       ||     7
         Ring mail         |     4 |     8 ||    12
  Dodge: Dodged            |    36 |    14 ||    50

Table legend:
 A = Non-vault XP
 B = Vault XP
 C = Vault XP percentage of total XP
 D = Non-vault monster count
 E = Vault monster count
 F = Vault count percentage of total count
                 A         B        C        D         E       F
            +---------+---------+-------+---------+---------+-------
      Total |     138 |       0 |   0.0 |      70 |       0 |   0.0
            +---------+---------+-------+---------+---------+-------
        D:1 |      49 |       0 |   0.0 |      32 |       0 |   0.0
        D:2 |      19 |       0 |   0.0 |      12 |       0 |   0.0
        D:3 |      70 |       0 |   0.0 |      26 |       0 |   0.0
            +---------+---------+-------+---------+---------+-------
